 Dungeon Crawl Stone Soup version 0.31-a0-662-g684573625c (webtiles) character file.

Game seed: 3745722364140940539

163 Descartes the Chopper (level 5, -4/47 HPs)
             Began as a Hill Orc Monk on Sept 1, 2023.
             Was a Believer of Beogh.
             Slain by a gnoll
             ... wielding a +0 spear
              (6 damage)
             ... on level 3 of the Dungeon.
             The game lasted 00:03:14 (2308 turns).

Descartes the Chopper (Hill Orc Monk)               Turns: 2308, Time: 00:03:14

Health: -4/47      AC:  2    Str: 16    XL:     5   Next: 44%
Magic:  6/6        EV: 13    Int: 10    God:    Beogh [**....]
Gold:   163        SH:  0    Dex: 19    Spells: 4/4 levels left

rFire   + . .        a - +0 hand axe
rCold   . . .        d - orb {light}
rNeg    . . .        b - +0 robe
rPois   .            (no helmet)
rElec   .            (no cloak)
rCorr   .            (no gloves)
SInv    .            (no boots)
Will    .....        (no amulet)
Stlth   +            j - ring of protection from fire
HPRegen 0.27/turn    e - +6 ring of dexterity
MPRegen 0.10/turn

%: no passive effects
@: glowing
A: no striking features
a: Renounce Religion, Smiting


You were on level 3 of the Dungeon.
You worshipped Beogh.
Beogh was pleased with you.
You visited 1 branch of the dungeon, and saw 3 of its levels.

You collected 163 gold pieces.

Inventory:

Hand Weapons
 a - a +0 hand axe (weapon)
Missiles
 m - a throwing net
Armour
 b - a +0 robe (worn)
 d - an orb of light (worn)
Jewellery
 e - a +6 ring of dexterity (right hand)
 j - a ring of protection from fire (left hand)
Scrolls
 f - a scroll of brand weapon {unknown}
 g - 4 scrolls of identify {unknown}
 h - 3 scrolls of revelation {unknown}
 l - a scroll of amnesia {unknown}
Potions
 c - a potion of ambrosia
 i - a potion of lignification {unknown}
 k - 4 potions of curing {unknown}
 n - a potion of attraction {unknown}


   Skills:
 + Level 4.5 Fighting
 + Level 5.0 Axes
 + Level 2.0 Armour
 - Level 2.5 Dodging
 + Level 2.1 Shields
 + Level 2.5 Invocations


You had 4 spell levels left.
You didn't know any spells.
Your spell library contained the following spells:

 Spells                   Type           Power      Damage    Failure   Level
 Apportation              Tloc           0%         N/A       36%         1
 Necrotise                Necr           0%         1d4       36%         1
 Summon Small Mammal      Summ           0%         N/A       36%         1


Dungeon Overview and Level Annotations

Branches:
Dungeon (3/15)

Altars:

Shops:
D:2 =:


Message History

The gnoll hits you from afar with a +0 spear.
The gnoll barely misses you.
You hit the gnoll.
The gnoll is heavily wounded.
The gnoll barely misses you. The gnoll hits you with a +0 whip.
You are too injured to fight recklessly!
You are too injured to fight recklessly!
You are too injured to fight recklessly!
You are too injured to fight recklessly!
You are too injured to fight recklessly!
You are too injured to fight recklessly!
You are too injured to fight recklessly!
You are too injured to fight recklessly!
You are too injured to fight recklessly!
You are too injured to fight recklessly!
You are too injured to fight recklessly!
You are too injured to fight recklessly!
You are too injured to fight recklessly!
You are too injured to fight recklessly!
You are too injured to fight recklessly!
You hit the gnoll.
You kill the gnoll!
Beogh accepts your kill. The gnoll barely misses you.
You see here a +0 whip.
You barely miss the gnoll. The gnoll hits you with a +0 spear.
The gnoll hits you from afar with a +0 spear.
* * * LOW HITPOINT WARNING * * *
You slash the gnoll!
The gnoll is heavily wounded.
The gnoll misses you.
The gnoll hits you from afar with a +0 spear!
* * * LOW HITPOINT WARNING * * *
You hit the gnoll.
The gnoll is almost dead.
The gnoll barely misses you.
The gnoll hits you from afar with a +0 spear.
* * * LOW HITPOINT WARNING * * *
The gnoll hits you with a +0 spear.
You die...

##############
#............#
#.############ #.#
###.####################
................@gg.....
.........###.######.####
###.####.# #.# # #.# #.#
#.# # #.# #.# #.# ###
###.# #.# #.# #.# .##.#
#.# #.# #.# ....####..
... #.#####.#######
..........
...............


You could see 2 gnolls.

Vanquished Creatures
  2 orc wizards (D:3)
  4 adders
  4 gnolls
  2 dart slugs
  4 orcs (D:3)
  6 endoplasms
  3 giant cockroaches
  5 goblins
  4 hobgoblins
  2 jackals (D:1)
  5 kobolds
  2 quokkas
  4 ball pythons
  6 bats
  A frilled lizard (D:1)
  5 rats
59 creatures vanquished.

Vanquished Creatures (others)
  A goblin (D:3)
  A quokka (D:3)
2 creatures vanquished.

Grand Total: 61 creatures vanquished

Notes
Turn   | Place    | Note
-------+----------+-------------------------------------------
     0 | D:1      | Descartes the Hill Orc Monk began the quest for the Orb.
     0 | D:1      | Reached XP level 1. HP: 19/19 MP: 1/1
   123 | D:1      | Reached XP level 2. HP: 23/27 MP: 2/2
   429 | D:1      | Reached skill level 1 in Invocations
   429 | D:1      | Reached XP level 3. HP: 27/33 MP: 3/3
   738 | D:1      | Reached skill level 1 in Shields
   871 | D:2      | Reached skill level 1 in Armour
   911 | D:2      | Found Qahorida's Jewellery Boutique.
  1083 | D:2      | Reached XP level 4. HP: 29/40 MP: 5/5
  1430 | D:2      | Found Reowoc's Book Shoppe.
  1816 | D:3      | Became a worshipper of Beogh the Brigand
  1816 | D:3      | Reached * piety under Beogh
  1816 | D:3      | Reached ** piety under Beogh
  1881 | D:3      | Reached XP level 5. HP: 36/47 MP: 6/6
  2122 | D:3      | Found a faded altar of an unknown god.
  2186 | D:3      | Reached skill level 5 in Axes
  2308 | D:3      | HP: 2/47 [gnoll/+0 spear (4)]
  2308 | D:3      | Slain by a gnoll

Illustrated notes

Levels and vault maps discovered:
D:1:      dpeg_arrival_court, layout_basic, st_stairs_4
D:2:      layout_basic, serial_shops, nicolae_shop_hallway_plus,
          nicolae_shop_temple_entry_statues_fountains
D:3:      layout_basic, shapermc_ecumenical_altar_venn

Skill      XL: |  1  2  3  4  5 |
---------------+----------------+-----
Fighting       | 4 |  4.5
Invocations    | 1 2 |  2.5
Shields        | 1 2 |  2.1
Armour         | 1 2 |  2.0
Axes           | 5 |  5.0
Dodging        | |  2.5

Action                     |  1- 3 |  4- 6 || total
---------------------------+-------+-------++-------
  Melee: Hand axe          |    79 |    89 ||   168
 Invoke: Convert to Beogh  |       |     1 ||     1
 Armour: Robe              |    51 |    44 ||    95
  Dodge: Dodged            |    58 |    75 ||   133

Table legend: (Time is in decaauts)
 A = Elapsed time spent in this place.
 B = Non-inter-level travel time spent in this place.
 C = Inter-level travel time spent in this place.
 D = Time resting spent in this place.
 E = Time spent auto-exploring this place.
 F = Levels seen in this place.
 G = Mean time per level.
                   A        B        C        D        E       F      G
               +--------+--------+--------+--------+--------+-----+--------+
         Total |   2319 |   2269 |     50 |      0 |   1892 |   3 |  773.0 |
       Dungeon |   2319 |   2269 |     50 |      0 |   1892 |   3 |  773.0 |
               +--------+--------+--------+--------+--------+-----+--------+

Top non-repeatable levels by time:
     D:2: 926 daAuts
     D:1: 847 daAuts
     D:3: 544 daAuts
